 Dungeon Crawl Stone Soup version 0.30-a0-341-g682706514a (webtiles) character file.

Game seed: 6586323876899244368

107975 Muataran the Hill Orc Cataclysm (level 16, -11/157 HPs)
             Began as a Hill Orc Fighter on Nov 1, 2022.
             Was a High Priest of Qazlal.
             Succumbed to a wolf spider's poison
             ... on level 1 of the Spider Nest.
             The game lasted 01:05:42 (32800 turns).

Muataran the Hill Orc Cataclysm (Hill Orc Fighter) Turns: 32800, Time: 01:05:44

Health: -11/157    AC: 10    Str: 23    XL:     16   Next: 48%
Magic:  25/30      EV: 13    Int: 12    God:    Qazlal [*****.]
Gold:   668        SH: 24    Dex: 10    Spells: 15/15 levels left

rFire   . . .      SeeInvis .    a - +2 war axe (freeze)
rCold   . . .      Faith    +    S - +0 tower shield
rNeg    . . .      Spirit   .    x - +0 plate armour
rPois   .          Reflect  .    h - +0 helmet
rElec   .          Harm     .    I - +0 cloak
rCorr   .          Rampage  .    P - +0 pair of gloves
Will    +....                    t - +0 pair of boots
Stlth   ..........               e - amulet of faith
HPRegen 0.46/turn                D - +4 ring of evasion
MPRegen 0.22/turn                O - +4 ring of evasion

@: lethally poisoned (-11 -> -73), protected from physical damage, corroded,
studying Fighting, repel missiles
A: no striking features
a: Renounce Religion, Upheaval, Elemental Force, Disaster Area


You were on level 1 of the Spider Nest.
You worshipped Qazlal.
Qazlal was extremely pleased with you.
You visited 4 branches of the dungeon, and saw 24 of its levels.
You also visited: Bailey.

You collected 2365 gold pieces.
You spent 1697 gold pieces at shops.

Inventory:

Hand Weapons
 a - a +2 war axe of freezing (weapon)
Missiles
 c - a throwing net (quivered)
Armour
 h - a +0 helmet (worn)
 t - a +0 pair of boots (worn)
 x - a +0 plate armour (worn)
 I - a +0 cloak (worn)
 P - a +0 pair of gloves (worn)
 S - a +0 tower shield (worn)
Jewellery
 e - an amulet of faith (around neck)
 j - a ring of willpower
 n - a ring of protection from fire
 v - the ring of the Dull Peach {rC++ Int-4 SInv}
   (You bought it in a shop on level 2 of the Orcish Mines)

   [ring of see invisible]

   Int:       It affects your intelligence (-4).
   rC:        It greatly protects you from cold.
   SInv:      It lets you see invisible.
 D - a +4 ring of evasion (left hand)
 E - an amulet of reflection
 O - a +4 ring of evasion (right hand)
Wands
 i - a wand of digging (3)
 w - a wand of paralysis (26)
 A - a wand of flame (30)
 C - a wand of acid (3)
 F - a wand of iceblast (8)
 M - a wand of polymorph (14)
 U - a wand of mindburst (6)
Scrolls
 b - 2 scrolls of magic mapping
 k - 5 scrolls of enchant weapon
 p - 9 scrolls of vulnerability
 s - a scroll of immolation
 u - 5 scrolls of enchant armour
 y - 2 scrolls of brand weapon
 B - 9 scrolls of identify
 G - 2 scrolls of summoning
 J - 3 scrolls of fog
 K - 2 scrolls of silence
 N - 6 scrolls of teleportation
 Q - 2 scrolls of poison
 R - a scroll of amnesia
 T - a scroll of blinking
Potions
 d - 3 potions of might
 f - 6 potions of curing
 g - 7 potions of cancellation
 l - 5 potions of attraction
 m - 5 potions of heal wounds
 o - 3 potions of magic
 q - 6 potions of brilliance
 r - a potion of berserk rage
 z - 4 potions of flight
 H - 7 potions of ambrosia
 L - a potion of lignification


   Skills:
 + Level 18.1 Fighting
 - Level 18.0 Axes
 + Level 14.3 Armour
 + Level 14.3 Shields
 + Level 21.4 Invocations


You had 15 spell levels left.
You didn't know any spells.
Your spell library contained the following spells:

 Spells                   Type           Power      Damage    Failure   Level
 Apportation              Tloc           0%         N/A       100%        1
 Foxfire                  Conj/Fire      0%         2x1d4     100%        1
 Necrotise                Necr           0%         1d4       100%        1
 Summon Small Mammal      Summ           0%         N/A       100%        1
 Call Canine Familiar     Summ           0%         N/A       100%        3
 Hailstorm                Conj/Ice       0%         3d3       100%        3
 Inner Flame              Hex/Fire       0%         N/A       100%        3
 Ozocubu's Armour         Ice            0%         N/A       100%        3
 Portal Projectile        Hex/Tloc       0%         N/A       100%        3
 Summon Guardian Golem    Hex/Summ       0%         N/A       100%        3
 Tukima's Dance           Hex            0%         N/A       100%        3
 Flame Wave               Conj/Fire      0%         2d4       100%        4
 Ice Form                 Ice/Tmut       0%         N/A       100%        4
 Sticky Flame             Conj/Fire      0%         2d3       100%        4
 Blade Hands              Tmut           0%         N/A       100%        5
 Fireball                 Conj/Fire      0%         3d3       100%        5
 Iskenderun's Battlesphe  Conj           0%         2d6       100%        5
 Metabolic Englaciation   Hex/Ice        0%         N/A       100%        5
 Iron Shot                Conj/Erth      0%         9d1       100%        6
 Simulacrum               Ice/Necr       0%         N/A       100%        6
 Starburst                Conj/Fire      0%         6d3       100%        6
 Spellforged Servitor     Conj/Summ      0%         N/A       100%        7


Dungeon Overview and Level Annotations

Branches:
Dungeon (15/15)            Temple (0/1) D:7            Lair (5/5) D:10
  Swamp (0/4) Lair:2       Spider (2/4) Lair:2        Slime (0/5) Lair:5
    Orc (2/2) D:10            Elf (0/3) Orc:2        Vaults (0/5) D:14
 Depths (0/4) D:15         Bailey (visited)

Altars:
Elyvilon
Qazlal
Wu Jian
Yredelemnul
Zin
Beogh
Jiyva

Shops:
D:4 :   D:10 ?   D:11 ?   D:12 ?*[*[   D:14 ?   Orc:2 [*=[

Annotations:
D:11 exclusion: 2 oklob plants
Lair:4 exclusion: oklob plant
Spider:1 Roxanne


Message History

The wolf spider is severely wounded.
You closely miss the wolf spider.
You feel extremely sick. You block the wolf spider's attack.
The wolf spider bites you but does no damage.
You block the wolf spider's attack. The wolf spider bites you.
The wolf spider misses you. You block the wolf spider's attack.
The wolf spider hits you but does no damage.
The wolf spider bites you.
The jumping spider pounces on you but does no damage.
You block the jumping spider's attack.
You closely miss the wolf spider.
The wolf spider is heavily wounded.
You hit the wolf spider. You freeze the wolf spider.
You hit the jumping spider but do no damage.
* * * LOW HITPOINT WARNING * * *
You feel extremely sick. You block the wolf spider's attack.
The wolf spider barely misses you.
You block the wolf spider's attack. x2; The jumping spider pounces on you!
* * * LOW HITPOINT WARNING * * *
You are caught in a web!
The jumping spider bites you but does no damage.
* * * LOW HITPOINT WARNING * * *
You feel extremely sick.
You block the wolf spider's attack. x2; The wolf spider barely misses you.
You block the wolf spider's attack. The jumping spider pounces on you!
* * * LOW HITPOINT WARNING * * *
The jumping spider closely misses you. The wolf spider hits you.
* * * LOW HITPOINT WARNING * * *
The wolf spider bites you.
* * * LOW HITPOINT WARNING * * *
You are more poisoned.
The wolf spider poisons you!
You slash the wolf spider! You freeze the wolf spider.
The wolf spider is severely wounded.
You hit the wolf spider but do no damage.
You slash the jumping spider! You freeze the jumping spider.
You kill the jumping spider!
Qazlal accepts your kill.
You die...

##### ##.#.######
####......s#s##
###........○.@..#
#.}....#......###
##.........§..###
#####........#...(.#####
#.#.#..............##..##
#.................##....#
#..#...#.#........##....##
.......#...>....#........##
#.(.#.....................#


You could see 2 wolf spiders.

Vanquished Creatures
  Jorgrun (D:14)
  Rupert (D:15)
  Frances (D:14)
  Kirke (D:14)
  Nessos (Orc:2)
  A fire dragon (D:15)
  3 hydras
  5 centaur warriors
  An ice dragon (D:15)
  4 vault guards
  A radroach (Lair:2)
  13 two-headed ogres
  2 ogre magi (Orc:2)
  4 boulder beetles
  A death yak (Lair:5)
  Amaemon (D:9)
  9 skeletal warriors
  A steelbarb worm (Spider:1)
  2 pharaoh ants
  A sun moth (Spider:1)
  4 orb spiders
  2 deep trolls (Orc:1)
  A wizard (D:15)
  3 deep elf pyromancers (D:14)
  An orc sorcerer (Orc:2)
  14 ugly things
  6 wolf spiders
  9 cyclopes
  A will-o-the-wisp (Lair:2)
  A moth of wrath (Spider:1)
  11 elephants
  2 manticores (D:12)
  5 black mambas
  4 gargoyles
  A torpor snail (Lair:4)
  An orange demon (D:9)
  Maggie (D:7)
  13 cane toads
  3 rime drakes
  2 unseen horrors
  2 demonic crawlers (Spider:1)
  A kobold demonologist (D:12)
  An efreet (D:14)
  A freezing wraith (D:14)
  6 komodo dragons
  A yaktaur (D:15)
  11 trolls
  3 meliai (D:12)
  A queen bee (D:12)
  4 polar bears
  Prince Ribbit (D:7)
  A dream sheep (shapeshifter) (D:14)
  13 tarantellas (Spider:1)
  4 blink frogs
  7 hornets
  10 slime creatures
  3 dream sheep (Lair:5)
  7 culicivoras (Spider:1)
  5 jumping spiders
  A shadow (D:12)
  43 yaks
  2 vampires
  A human (D:14)
  11 spriggans (Lair:5)
  5 wraiths
  3 wyverns
  6 vampire mosquitoes
  Eustachio (D:6)
  A steam dragon (shapeshifter) (D:14)
  18 redbacks
  A steam dragon (D:6)
  2 wargs
  7 water moccasins
  2 acid dragons
  2 sky beasts
  A floating eye (D:11)
  22 orc warriors
  8 black bears
  19 centaurs
  25 ogres
  21 wolves
  3 boggarts (Lair:5)
  2 phantoms (D:5)
  3 kobold brigands
  2 gnoll sergeants
  15 bullfrogs
  6 necrophages
  13 scorpions
  7 wights
  26 killer bees
  2 electric eels (Lair:2)
  A howler monkey (D:5)
  A lava snake (Lair:2)
  7 hounds
  2 jellies
  17 orc priests
  A gnoll bouda (D:5)
  6 iguanas
  Ijyb (D:5)
  7 hell rats (Lair:5)
  Natasha (twice) (D:2)
  12 orc wizards
  Robin (D:2)
  19 gnolls
  6 adders
  2 white imps
  2 ufetubi
  A worm (D:3)
  2 dart slugs (D:1)
  67 orcs
  7 endoplasms
  5 giant cockroaches
  10 hobgoblins
  4 jackals (D:3)
  3 quokkas
  5 ball pythons
  6 bats
  5 frilled lizards
  15 goblins
  15 kobolds
  5 rats
  A butterfly (D:6)
740 creatures vanquished.

Vanquished Creatures (others)
  4 humans (D:14)
  An orc warrior (Orc:2)
  An electric eel (D:14)
  A boggart simulacrum (D:14)
  An orc (Bailey)
  8 foxfires (Lair:2)
  25 fungi
  22 plants
63 creatures vanquished.

Grand Total: 803 creatures vanquished

Notes
Turn   | Place    | Note
-------+----------+-------------------------------------------
     0 | D:1      | Muataran the Hill Orc Fighter began the quest for the Orb.
     0 | D:1      | Reached XP level 1. HP: 19/19 MP: 1/1
   134 | D:1      | Reached XP level 2. HP: 20/27 MP: 2/2
   160 | D:2      | Noticed an ogre
   249 | D:3      | Noticed a necrophage
   264 | D:3      | Killed a necrophage
   265 | D:3      | Reached XP level 3. HP: 26/33 MP: 3/3
   265 | D:3      | Reached XP level 4. HP: 32/40 MP: 4/4
   575 | D:3      | Noticed a water moccasin
   588 | D:3      | Killed a water moccasin
   589 | D:3      | Reached skill level 5 in Axes
   589 | D:3      | Reached XP level 5. HP: 38/47 MP: 5/5
   878 | D:4      | Found a stormy altar of Qazlal.
   895 | D:3      | Reached XP level 6. HP: 49/53 MP: 6/6
   952 | D:4      | Became a worshipper of Qazlal Stormbringer
  1021 | D:2      | Reached skill level 5 in Fighting
  1188 | D:2      | Noticed Robin
  1223 | D:2      | Killed Robin
  1388 | D:2      | Noticed Natasha
  1390 | D:2      | Reached XP level 7. HP: 61/61 MP: 7/7
  1396 | D:2      | Killed Natasha
  1579 | D:2      | Noticed Natasha
  1596 | D:2      | Killed Natasha
  1597 | D:2      | Reached skill level 1 in Invocations
  1773 | D:1      | Reached * piety under Qazlal
  2358 | D:4      | Reached skill level 2 in Invocations
  2479 | D:4      | Reached skill level 5 in Armour
  2510 | D:4      | Reached skill level 5 in Shields
  2778 | D:5      | Entered Level 5 of the Dungeon
  2804 | D:5      | Reached skill level 3 in Invocations
  2884 | D:5      | Reached ** piety under Qazlal
  2885 | D:5      | Reached XP level 8. HP: 10/70 MP: 10/10
  3164 | D:5      | Reached skill level 4 in Invocations
  3243 | D:4      | Found Cumoisch's Book Shop.
  3599 | D:5      | Noticed Ijyb
  3615 | D:5      | Killed Ijyb
  3860 | D:5      | Reached skill level 5 in Invocations
  4253 | D:6      | Noticed Eustachio
  4254 | D:6      | Reached skill level 6 in Invocations
  4254 | D:6      | Reached XP level 9. HP: 71/78 MP: 13/13
  4285 | D:6      | Killed Eustachio
  4344 | D:6      | Found a runed translucent door.
  4664 | D:6      | Noticed a hornet
  4671 | D:6      | Killed a hornet
  4672 | D:6      | Reached skill level 7 in Invocations
  5310 | D:6      | Found a runed translucent door.
  5655 | D:7      | Reached skill level 10 in Axes
  5794 | D:7      | Reached skill level 8 in Invocations
  5928 | D:7      | You fall into a shaft and drop 1 floor!
  5965 | D:8      | Reached XP level 10. HP: 54/86 MP: 16/16
  6004 | D:8      | Found a flagged portal.
  6023 | Bailey   | Entered a bailey
  6065 | Bailey   | Reached *** piety under Qazlal
  6962 | Bailey   | Reached skill level 9 in Invocations
  9238 | D:7      | Noticed Prince Ribbit
  9246 | D:7      | Killed Prince Ribbit
  9309 | D:7      | Noticed Maggie
  9342 | D:7      | Killed Maggie
  9343 | D:7      | Reached skill level 10 in Invocations
  9534 | D:7      | Found a staircase to the Ecumenical Temple.
  9904 | D:9      | Reached XP level 11. HP: 93/95 MP: 18/18
  9988 | D:9      | Noticed Amaemon
 10006 | D:9      | Killed Amaemon
 10515 | D:9      | Reached skill level 11 in Invocations
 11237 | D:10     | Entered Level 10 of the Dungeon
 11237 | D:10     | Noticed a two-headed ogre
 11245 | D:10     | Killed a two-headed ogre
 11267 | D:10     | Noticed a two-headed ogre
 11277 | D:10     | Killed a two-headed ogre
 11422 | D:10     | Found a staircase to the Orcish Mines.
 11435 | D:10     | Found Vaosh's Magic Scroll Shop.
 11573 | D:10     | Identified a scroll of acquirement
 11573 | D:10     | Acquired a manual of Invocations
 11589 | D:10     | Noticed a two-headed ogre
 11601 | D:10     | Killed a two-headed ogre
 11705 | D:10     | Found a staircase to the Lair.
 11760 | D:10     | Found a glowing silver altar of Zin.
 11808 | D:10     | Found a basalt altar of Yredelemnul.
 11963 | D:10     | Reached skill level 12 in Invocations
 12088 | D:10     | Found an ornate altar of the Wu Jian Council.
 12212 | D:11     | Noticed a cyclops
 12221 | D:11     | Killed a cyclops
 12389 | D:11     | Noticed a purple ugly thing
 12614 | D:11     | Paralysed by a floating eye for 3 turns
 12627 | D:10     | Killed a purple ugly thing
 12628 | D:10     | Reached XP level 12. HP: 27/105 MP: 21/21
 13196 | D:11     | Found Ciehyoth's Magic Scroll Boutique.
 13530 | Lair:1   | Entered Level 1 of the Lair of Beasts
 14005 | Lair:1   | Noticed a boulder beetle
 14019 | Lair:1   | Killed a boulder beetle
 14179 | Lair:1   | Reached skill level 10 in Fighting
 14179 | Lair:1   | Reached skill level 13 in Invocations
 15117 | Lair:2   | Found a hole to the Spider Nest.
 15315 | Lair:2   | Found a staircase to the Swamp.
 15698 | Lair:2   | Reached skill level 15 in Axes
 15794 | Lair:2   | Found a white marble altar of Elyvilon.
 16308 | Lair:2   | Reached skill level 14 in Invocations
 16422 | Lair:3   | Noticed a five-headed hydra
 16441 | Lair:3   | Killed a ten-headed hydra
 16855 | Lair:3   | Reached skill level 10 in Shields
 16864 | Lair:3   | Reached skill level 10 in Armour
 16864 | Lair:3   | Reached XP level 13. HP: 106/115 MP: 23/23
 17031 | Lair:3   | HP: 4/115 [cane toad (12)]
 18033 | Lair:4   | Reached skill level 15 in Invocations
 18180 | Lair:4   | Reached **** piety under Qazlal
 19058 | Lair:5   | Entered Level 5 of the Lair of Beasts
 20036 | Lair:5   | Identified the +8 lajatang of Zuleus {vorpal, Will+}
 20060 | Lair:5   | Reached ***** piety under Qazlal
 20121 | Lair:5   | Reached skill level 16 in Invocations
 20412 | Lair:5   | Reached XP level 14. HP: 69/125 MP: 26/26
 21075 | Lair:5   | Found a staircase to the Slime Pits.
 21075 | Lair:5   | Found a viscous altar of Jiyva.
 21645 | D:4      | Bought a manual of Fighting for 880 gold pieces
 21956 | D:12     | Found Boure's General Store.
 22434 | D:12     | Found Puobauh's Magic Scroll Boutique.
 22723 | D:12     | Found Cimn's Antique Armour Shop.
 22853 | D:12     | Reached skill level 17 in Invocations
 22880 | D:12     | Found Mutush's Armour Boutique.
 23157 | D:12     | Found Sajith Botwu's Assorted Antiques.
 24212 | D:14     | Noticed Jorgrun
 24338 | D:14     | Noticed Frances
 24339 | D:14     | Killed Jorgrun
 24506 | D:14     | Noticed Kirke
 24509 | D:14     | Killed Kirke
 24740 | D:14     | Killed Frances
 24803 | D:14     | Reached skill level 18 in Invocations
 25592 | D:14     | Reached XP level 15. HP: 104/139 MP: 28/28
 25904 | D:14     | Found a gate to the Vaults.
 26056 | D:14     | Reached skill level 15 in Fighting
 26056 | D:14     | Reached skill level 19 in Invocations
 27085 | D:14     | Found Umelym's Magic Scroll Boutique.
 27090 | D:14     | Bought a scroll of fear for 60 gold pieces
 27090 | D:14     | Bought a scroll of teleportation for 45 gold pieces
 27090 | D:14     | Bought a scroll of magic mapping for 112 gold pieces
 27090 | D:14     | Bought a scroll of identify for 30 gold pieces
 27721 | D:15     | Entered Level 15 of the Dungeon
 28155 | D:15     | Found a staircase to the Depths.
 28418 | D:15     | Noticed Rupert
 28422 | D:15     | Paralysed by Rupert for 5 turns
 28437 | D:15     | Killed Rupert
 28627 | D:15     | Reached skill level 20 in Invocations
 29165 | Orc:1    | Entered Level 1 of the Orcish Mines
 29331 | Orc:2    | Entered Level 2 of the Orcish Mines
 29334 | Orc:2    | Noticed Nessos
 30434 | Orc:2    | Killed Nessos
 30435 | Orc:2    | Reached XP level 16. HP: 153/155 MP: 23/30
 30524 | Orc:2    | Found Cuimex's Assorted Antiques.
 30529 | Orc:2    | Found Qaanemaoca's Armour Boutique.
 30530 | Orc:2    | Found Vefeen's Jewellery Shoppe.
 30532 | Orc:2    | Bought a steaming lapis lazuli ring for 135 gold pieces
 30532 | Orc:2    | Identified the ring of Starshine {rC- Will+ MP+9 Str+6
                  | Dex+3} (You bought it in a shop on level 2 of the Orcish
                  | Mines)
 30541 | Orc:2    | Found Pohun's Antique Armour Shop.
 30544 | Orc:2    | Bought the ring of the Dull Peach {rC++ Int-4 SInv} for 435
                  | gold pieces
 30714 | Orc:2    | Found a staircase to the Elven Halls.
 30974 | Orc:2    | Reached ****** piety under Qazlal
 31261 | Orc:1    | Found a roughly hewn altar of Beogh.
 31505 | Spider:1 | Entered Level 1 of the Spider Nest
 31516 | Spider:1 | Reached skill level 21 in Invocations
 31946 | Spider:1 | HP: 7/157 [tarantella (12)]
 32311 | Spider:1 | Identified Roxanne's Octavo of Bedrock
 32311 | Spider:1 | Noticed Roxanne
 32799 | Spider:1 | HP: 7/157 [jumping spider (11)]
 32799 | Spider:1 | HP: 2/157 [wolf spider (3)]
 32800 | Spider:1 | Succumbed to a wolf spider's poison

Illustrated notes

Levels and vault maps discovered:
D:1:      mrwooster_arrival_statue, layout_basic
D:2:      layout_rooms, uniq_natasha, uniq_robin
D:3:      layout_basic
D:4:      kennysheep_six_static_rooms, layout_gridville,
          nicolae_qazlal_scattered_showers, serial_shops, shop,
          kennysheep_generic_room_5
D:5:      minmay_clustersquares, layout_cave_pools, uniq_ijyb
D:6:      lemuel_insect_pit, layout_basic, dk_noncrumbling_2,
          minmay_misc_feat_roman, uniq_eustachio
D:7:      layout_gridville, minmay_temple_entry_fiery, uniq_maggie,
          uniq_prince_ribbit1
D:8:      layout_cave_pools, enter_bailey_5
D:9:      layout_basic, minmay_parallelograms, hive_lemuel, uniq_amaemon
D:10:     layout_cave_pools, nicolae_wu_jian_immortal_techniques,
          mainiacjoe_overflow_brackets, mainiacjoe_overflow_alcove_2,
          lair_entry_dummy, serial_shops, shop, corexii_leaking_fountain,
          serial_bayou_pond_b
D:11:     layout_cave_pools, serial_shops, nicolae_lakefront_shop,
          disabler_island
D:12:     layout_roguey [special_room_bee], serial_shops,
          nicolae_shop_waterfront, nicolae_take_the_stairs,
          nicolae_shop_competitors_out_of_business,
          nicolae_shop_advertising_works [nicolae_subvault_shop_adworks],
          kennysheep_mini_moat, nicolae_wwwww
D:13:     layout_loops_ring
D:14:     layout_gridville, lightli_vaults_fourway_checkpoint, serial_shops,
          nicolae_shop_behind_doors, kennysheep_opposing_triangles, uniq_kirke,
          uniq_jorgrun, uniq_frances
D:15:     grunt_enter_depths_hoard, layout_loops_ring, grunt_decor_clamped,
          uniq_rupert
Lair:1:   layout_misc_corridors, grunt_megastairs_2
Lair:2:   layout_gridlike, minmay_swamp_entry_wisps, spider_nest_entry_webs,
          basic_altar, infiniplex_staircase_pool
Lair:3:   layout_chaotic_city, beast_lair_carwin_2
Lair:4:   layout_regular_city, portal_ice_cave_entry_pillars_2,
          minmay_lair_oklob_bushes, beast_lair_carwin_9
Lair:5:   minmay_lair_end_enchanted_forest, layout_long_grid, slime_entry_1,
          minivault_25, lemuel_fruit_tree, grunt_megastairs_5
Spider:1: layout_spider_delve, uniq_roxanne
Spider:2: layout_spider_delve, uniq_arachne
Orc:1:    layout_caves, minmay_orc_temple_b
Orc:2:    st_orc_open, layout_caves, uniq_nessos

Skill      XL: |  1  2  3  4  5  6  7  8  9 10 11 12 13 14 15 16 |
---------------+-------------------------------------------------+-----
Axes           | 3 4 5 6 7 8 10 12 13 15 17 18 | 18.0
Fighting       | 4 5 6 7 8 9 10 11 14 17 18 | 18.1
Armour         | 4 5 6 7 8 10 11 12 13 14 | 14.3
Shields        | 4 5 6 7 9 10 11 12 13 14 | 14.3
Invocations    | 3 6 8 10 12 14 16 18 20 21 | 21.4

Action                   |  1- 3 |  4- 6 |  7- 9 | 10-12 | 13-15 | 16-18 || total
-------------------------+-------+-------+-------+-------+-------+-------++-------
Melee: War axe           |    35 |   142 |   404 |   381 |   410 |   196 ||  1568
       Hand axe          |       |       |       |   391 |   919 |       ||  1310
Invok: Upheaval          |       |       |       |    24 |    16 |     9 ||    49
       Disaster Area     |       |       |       |       |       |     1 ||     1
Evoke: Wand              |       |       |       |     2 |       |       ||     2
  Use: Scroll            |     2 |       |    10 |    10 |     9 |       ||    31
       Potion            |       |       |       |     2 |     4 |     4 ||    10
 Stab: Distracted        |       |       |       |       |     1 |       ||     1
Armor: Scale mail        |    15 |    21 |       |       |       |       ||    36
       Chain mail        |       |    84 |   176 |    57 |       |       ||   317
       Plate armour      |       |       |       |   326 |   435 |    81 ||   842
Dodge: Dodged            |    14 |    56 |   114 |   181 |   294 |    79 ||   738
       Repelled          |       |       |       |       |     3 |     2 ||     5
Block: Buckler           |    10 |    43 |   147 |   188 |       |       ||   388
       Kite shield       |       |       |       |   230 |   677 |       ||   907
       Tower shield      |       |       |       |       |   508 |   293 ||   801

Table legend: (Time is in decaauts)
 A = Elapsed time spent in this place.
 B = Non-inter-level travel time spent in this place.
 C = Inter-level travel time spent in this place.
 D = Time resting spent in this place.
 E = Time spent auto-exploring this place.
 F = Levels seen in this place.
 G = Mean time per level.
                   A        B        C        D        E       F      G
               +--------+--------+--------+--------+--------+-----+--------+
         Total |  32613 |  31280 |   1333 |   9732 |  15928 |  25 | 1304.5 |
       Dungeon |  18382 |  17409 |    973 |   3980 |  10063 |  15 | 1225.5 |
          Lair |   8187 |   7955 |    232 |   2552 |   4330 |   5 | 1637.4 |
   Spider Nest |    930 |    904 |     26 |    474 |    242 |   2 |  465.0 |
  Orcish Mines |   2294 |   2194 |    100 |    987 |    902 |   2 | 1147.0 |
        Bailey |   2818 |   2818 |      0 |   1739 |    390 |   1 | 2818.0 |
               +--------+--------+--------+--------+--------+-----+--------+

Top non-repeatable levels by time:
  Bailey: 2818 daAuts
    D:13: 2281 daAuts
    D:14: 2205 daAuts
  Lair:2: 1924 daAuts
  Lair:4: 1873 daAuts
  Lair:5: 1860 daAuts
   Orc:1: 1606 daAuts
    D:10: 1571 daAuts
     D:6: 1541 daAuts
     D:9: 1376 daAuts
  Lair:1: 1317 daAuts
    D:15: 1309 daAuts
    D:12: 1245 daAuts
  Lair:3: 1210 daAuts
     D:5: 1160 daAuts
